 Dungeon Crawl Stone Soup version 0.27-a0-1081-ge8a0a9c698 (webtiles) character file.

Game seed: 11513011198837653995

73 frogmouthbird the Chopper (level 4, -4/39 HPs)
             Began as a Hill Orc Fighter on Apr 26, 2021.
             Slain by Terence
             ... wielding a +0 flail
              (6 damage)
             ... on level 3 of the Dungeon.
             The game lasted 00:02:06 (2224 turns).

frogmouthbird the Chopper (Hill Orc Fighter)        Turns: 2224, Time: 00:02:07

Health: -4/39      AC:  6    Str: 18    XL:     4   Next: 27%
Magic:  4/4        EV:  7    Int:  9    God:
Gold:   75         SH:  9    Dex: 10    Spells: 3/3 levels left

rFire    . . .     SeeInvis .   a - +0 war axe
rCold    . . .     Faith    .   c - +0 kite shield
rNeg     . . .     Spirit   .   b - +0 scale mail
rPois    .         Reflect  .   (no helmet)
rElec    .         Harm     .   (no cloak)
rCorr    .         Rampage  .   (no gloves)
Will     .....                  (no boots)
Stlth    ..........             (no amulet)
HPRegen  0.13/turn              (no ring)
MPRegen  0.09/turn              (no ring)

@: no status effects
A: no striking features
a: Convert to Beogh


You were on level 3 of the Dungeon.
You visited 1 branch of the dungeon, and saw 3 of its levels.

You collected 75 gold pieces.

Inventory:

Hand Weapons
 a - a +0 war axe (weapon)
Armour
 b - a +0 scale mail (worn)
 c - a +0 kite shield (worn)
Wands
 p - a wand of flame (11)
 q - a wand of digging (3)
Scrolls
 e - 2 scrolls of enchant weapon {unknown}
 g - a scroll of magic mapping {unknown}
 h - 2 scrolls of noise {unknown}
 i - a scroll of vulnerability {unknown}
 k - 2 scrolls of identify {unknown}
 l - a scroll of blinking {unknown}
 o - a scroll of torment {unknown}
 r - a scroll of amnesia {unknown}
Potions
 d - a potion of might
 f - a potion of haste {unknown}
 j - a potion of attraction {unknown}
 m - a potion of heal wounds {unknown}
 n - a potion of mutation {unknown}


   Skills:
 - Level 3.6 Fighting
 * Level 5.9 Axes
 - Level 3.2 Armour
 - Level 3.2 Shields


You had 3 spell levels left.
You didn't know any spells.
Your spell library contained the following spells:

 Spells                   Type           Power      Damage    Failure   Level
 Magic Dart               Conj           0%         1d3       99%         1
 Blink                    Tloc           N/A        N/A       100%        2
 Call Imp                 Summ           0%         N/A       100%        2
 Searing Ray              Conj           0%         3d3       100%        2
 Slow                     Hex            0%         N/A       100%        2
 Conjure Flame            Conj/Fire      0%         6-21      100%        3
 Dazzling Flash           Conj/Hex       0%         N/A       100%        3
 Mephitic Cloud           Conj/Pois/Air  0%         N/A       100%        3
 Fulminant Prism          Conj/Hex       0%         3d6       100%        4
 Iskenderun's Mystic Bla  Conj/Tloc      0%         2d3       100%        4


Dungeon Overview and Level Annotations

Branches:
Dungeon (3/15)

Altars:

Shops:
D:1 =

Annotations:
D:3 Terence


Message History

Terence is severely wounded.
Terence barely misses you.
An orc priest comes into view. It is wielding a +0 dagger.
Terence hits you with a +0 flail.
You closely miss Terence.
Terence is severely wounded.
The orc priest shouts, "Beogh is our master!
Accept the truth or die!" (press Y on the ability menu to convert to Beogh)
The orc priest shouts!
You block Terence's attack.
You closely miss Terence.
Terence is severely wounded.
Terence hits you with a +0 flail.
You hit Terence but do no damage.
Terence is severely wounded.
Terence hits you with a +0 flail! Terence hits you but does no damage.
The orc priest calls down the wrath of Beogh upon you.
Beogh smites you!
* * * LOW HITPOINT WARNING * * *
You hear a shout! x2
You barely miss Terence.
Terence is severely wounded.
Terence hits you but does no damage.
An orc priest comes into view. It is wielding a +0 hand axe.
You barely miss Terence.
Terence is severely wounded.
You block Terence's attack.
An orc comes into view. It is wielding a +0 flail.
The orc priest invokes the aid of Beogh against you.
Beogh smites you!
* * * LOW HITPOINT WARNING * * *
Terence hits you but does no damage.
You barely miss Terence.
Terence is severely wounded.
Terence barely misses you.
You barely miss Terence.
Terence is severely wounded.
You slash the orc priest! You block Terence's attack.
You block the orc priest's attack. Terence hits you with a +0 flail.
You die...

#. . .######
..#........###
...........(.
#.........#
#...##....#
#oS@o...##.#
#.##@........
#.#...##....#.#
###.).#....#..#.#
.####....###........##
......##.#............
####.......##.......#
#.....###........#
##....###.........#
##.
##.....###.#.......#
#####


You could see Terence, an orc priest, an orc wizard and a ball python.

Vanquished Creatures
  A gnoll (D:1)
  An adder (D:2)
  A dart slug (D:1)
  4 ball pythons
  5 bats
  5 endoplasms
  A giant cockroach (D:2)
  3 goblins
  4 hobgoblins
  10 jackals (D:2)
  A kobold (D:2)
  2 quokkas (D:1)
  2 frilled lizards (D:2)
  5 rats
45 creatures vanquished.

Notes
Turn   | Place    | Note
-------+----------+-------------------------------------------
     0 | D:1      | frogmouthbird the Hill Orc Fighter began the quest for the
                  | Orb.
     0 | D:1      | Reached XP level 1. HP: 19/19 MP: 1/1
   199 | D:1      | Reached skill level 3 in Axes
   288 | D:1      | Reached skill level 4 in Axes
   288 | D:1      | Reached XP level 2. HP: 16/26 MP: 2/2
   430 | D:1      | Found Wataigo's Jewellery Emporium.
   691 | D:1      | Reached XP level 3. HP: 31/31 MP: 3/3
  1157 | D:2      | Reached skill level 5 in Axes
  1695 | D:2      | Reached XP level 4. HP: 37/39 MP: 4/4
  2211 | D:3      | Noticed Terence
  2222 | D:3      | HP: 1/39 [orc priest/divine providence (10)]
  2224 | D:3      | Slain by Terence

Illustrated notes

Levels and vault maps discovered:
D:1:      wander_arrival_lonely_grave, layout_basic, serial_shops,
          nicolae_shop_crystal, minivault_27, grunt_decor_mini_mirrors,
          glass_columns_c
D:2:      layout_loops_ring, feat_on_display
D:3:      layout_rooms, uniq_terence

Skill      XL: |  1  2  3 |
---------------+----------+-----
Axes           | 4 5 |  5.9
Fighting       | |  3.6
Armour         | |  3.2
Shields        | |  3.2

Action                   |  1- 3 |  4- 6 || total
-------------------------+-------+-------++-------
Melee: War axe           |    94 |    38 ||   132
Evoke: Wand              |       |     4 ||     4
Armor: Scale mail        |    43 |    18 ||    61
Dodge: Dodged            |    38 |    11 ||    49
Block: Kite shield       |    48 |    18 ||    66

Table legend: (Time is in decaauts)
 A = Elapsed time spent in this place.
 B = Non-inter-level travel time spent in this place.
 C = Inter-level travel time spent in this place.
 D = Time resting spent in this place.
 E = Time spent auto-exploring this place.
 F = Levels seen in this place.
 G = Mean time per level.
                   A        B        C        D        E       F      G
               +--------+--------+--------+--------+--------+-----+--------+
         Total |   2289 |   2246 |     43 |      0 |   1950 |   3 |  763.0 |
       Dungeon |   2289 |   2246 |     43 |      0 |   1950 |   3 |  763.0 |
               +--------+--------+--------+--------+--------+-----+--------+

Top non-repeatable levels by time:
     D:1: 1159 daAuts
     D:2: 1001 daAuts
     D:3: 128 daAuts
